SAA
ATLANTIC CITY SONICS @ VIRGINIA BEACH WHALES
05/22/2042
 
TOP OF THE 1ST
Atlantic City Sonics batting - Pitching for Virginia Beach Whales : LHP Remco Mansvelt
Pitching: LHP Remco Mansvelt
Batting: RHB Jerry Scott 0-0: Ball
1-0: Ball
2-0: Ground out U3 (Groundball, 34S, EV 65.0 MPH)
Batting: RHB Román Ramírez 0-0: Called Strike
0-1: SINGLE (Groundball, 56D, EV 84.4 MPH) (infield hit)
Batting: RHB Zhong-yan Zhang 0-0: Ball
1-0: Foul Ball, location: 2F
1-1: Foul Ball, location: 2F
1-2: Strikes out swinging
Batting: RHB Garm van Opdorp 0-0: Ball
1-0: Fielders Choice at 2nd, 5-4 (Groundball, 56, EV 81.9 MPH)
Top of the 1st over - 0 runs, 1 hit, 0 errors, 1 left on base; Atlantic City 0 - Virginia Beach 0
BOTTOM OF THE 1ST
Virginia Beach Whales batting - Pitching for Atlantic City Sonics : RHP Jay Newton
Pitching: RHP Jay Newton
Batting: RHB Daniel MacKinder 0-0: Ball
1-0: Foul Ball, location: 2F
1-1: Foul Ball, location: 2F
1-2: Strikes out swinging
Batting: LHB Walker Ragland 0-0: SINGLE (Line Drive, 56D, EV 96.9 MPH)
Batting: RHB Óscar Cardozo 0-0: Ball
1-0: Called Strike
1-1: Reached on error, E5 (Groundball, 5, EV 88.1 MPH)
Walker Ragland to second
Batting: RHB Todd Walker 0-0: DOUBLE (Flyball, 8RXD, EV 95.0 MPH)
Walker Ragland scores
Óscar Cardozo to third
Runner from 3rd tries for Home, SAFE, throw by CF to trailing runner, SAFE at third!
Batting: RHB Paul Pitts 0-0: Ball
1-0: Called Strike
1-1: Called Strike
1-2: Ball
2-2: Strikes out swinging
Batting: LHB Asberry Harpending 0-0: Fly out, F9 (Line Drive, 9, EV 90.0 MPH)
Bottom of the 1st over - 2 runs, 2 hits, 1 error, 1 left on base; Atlantic City 0 - Virginia Beach 2
TOP OF THE 2ND
Atlantic City Sonics batting - Pitching for Virginia Beach Whales : LHP Remco Mansvelt
Batting: SHB John Clements 0-0: Ball
1-0: Ball
2-0: Ball
3-0: Called Strike
3-1: Foul Ball, location: 2F
3-2: Base on Balls
Batting: RHB Denis Perrin 0-0: Ball
John Clements steals 2nd base
1-0: SINGLE (Line Drive, 56D, EV 106.9 MPH)
John Clements to third
Batting: LHB Luis Ortíz 0-0: Fielders Choice at 2nd, 6-4 (Groundball, 6, EV 103.1 MPH)
John Clements scores
Batting: RHB Jared Guth 0-0: Called Strike
0-1: Ball
1-1: Ball
2-1: Swinging Strike
2-2: Foul Ball, location: 2F
2-2: Strikes out swinging
Batting: LHB Jorge Quilez 0-0: Called Strike
0-1: Ball
1-1: Fly out, F8 (Flyball, 8LM, EV 93.8 MPH)
Top of the 2nd over - 1 run, 1 hit, 0 errors, 1 left on base; Atlantic City 1 - Virginia Beach 2
BOTTOM OF THE 2ND
Virginia Beach Whales batting - Pitching for Atlantic City Sonics : RHP Jay Newton
Batting: RHB Juan Oleastro 0-0: Ball
1-0: Called Strike
1-1: Foul Ball, location: 2F
1-2: Ground out 6-3 (Groundball, 6, EV 90.0 MPH)
Batting: RHB Jessie Gibbs 0-0: Ball
1-0: Ground out 6-3 (Groundball, 6S, EV 95.0 MPH)
Batting: RHB Dan Pike 0-0: Ball
1-0: Foul Ball, location: 2F
1-1: Ground out 4-3 (Groundball, 4, EV 109.4 MPH)
Bottom of the 2nd over - 0 runs, 0 hits, 0 errors, 0 left on base; Atlantic City 1 - Virginia Beach 2
TOP OF THE 3RD
Atlantic City Sonics batting - Pitching for Virginia Beach Whales : LHP Remco Mansvelt
Batting: RHB Jerry Scott 0-0: Swinging Strike
0-1: SINGLE (Groundball, 56, EV 96.9 MPH) (infield hit)
Batting: RHB Román Ramírez 0-0: Ball
1-0: Ball
2-0: Fly out, F9 (Line Drive, 9D, EV 95.0 MPH)
Batting: RHB Zhong-yan Zhang 0-0: Ball
1-0: Ball
2-0: Swinging Strike
2-1: Ball
3-1: Called Strike
3-2: Strikes out swinging
Jerry Scott steals 2nd base
Batter strikes out.
Batting: RHB Garm van Opdorp 0-0: Ball
1-0: Foul Ball, location: 2F
1-1: Called Strike
1-2: Ball
2-2: Ball
3-2: Foul Ball, location: 2F
3-2: DOUBLE (Line Drive, 8RXD, EV 111.2 MPH)
Jerry Scott scores
Batting: SHB John Clements 0-0: Ball
1-0: Foul Ball, location: 2F
1-1: Ball
2-1: Ball
3-1: Base on Balls
Batting: RHB Denis Perrin 0-0: Called Strike
0-1: Called Strike
0-2: Ball
1-2: Strikes out swinging
Top of the 3rd over - 1 run, 2 hits, 0 errors, 2 left on base; Atlantic City 2 - Virginia Beach 2
BOTTOM OF THE 3RD
Virginia Beach Whales batting - Pitching for Atlantic City Sonics : RHP Jay Newton
Batting: RHB Daniel MacKinder 0-0: Ball
1-0: Ball
2-0: Called Strike
2-1: Foul Ball, location: 2F
2-2: Ball
3-2: SINGLE (Groundball, 4D, EV 99.4 MPH)
Batting: LHB Walker Ragland 0-0: DOUBLE (Flyball, 8RXD, EV 100.0 MPH)
Daniel MacKinder to third
Batting: RHB Óscar Cardozo 0-0: Ball
1-0: Called Strike
1-1: Ground out 6-3 (Groundball, 6, EV 85.0 MPH)
Daniel MacKinder scores
Batting: RHB Todd Walker 0-0: Called Strike
0-1: Ball
1-1: Ball
2-1: Ball
3-1: SINGLE (Flyball, 89S, EV 96.2 MPH)
Walker Ragland to third
Runner from 3rd tries for Home, SAFE, throw by CF to home
Batting: RHB Paul Pitts 0-0: Ball
1-0: Ball
2-0: Ball
3-0: Called Strike
3-1: Swinging Strike
3-2: Fielders Choice at 2nd, 5-4 (Groundball, 5L, EV 83.1 MPH)
Batting: LHB Asberry Harpending 0-0: Called Strike
0-1: Ball
1-1: Called Strike
1-2: Ball
2-2: Strikes out looking
Bottom of the 3rd over - 2 runs, 3 hits, 0 errors, 1 left on base; Atlantic City 2 - Virginia Beach 4
TOP OF THE 4TH
Atlantic City Sonics batting - Pitching for Virginia Beach Whales : LHP Remco Mansvelt
Batting: LHB Luis Ortíz 0-0: Called Strike
0-1: DOUBLE (Line Drive, 9LM, EV 100.6 MPH)
Batting: RHB Jared Guth 0-0: Called Strike
0-1: Foul Ball, location: 2F
0-2: SINGLE (Line Drive, 89S, EV 90.0 MPH)
Luis Ortíz to third
Batting: LHB Jorge Quilez 0-0: Swinging Strike
0-1: Ball
1-1: Called Strike
1-2: Strikes out swinging
Batting: RHB Jerry Scott 0-0: Ball
1-0: Ball
2-0: Ball
3-0: Base on Balls
Jared Guth to second
Batting: RHB Román Ramírez 0-0: Ball
1-0: Foul Ball, location: 2F
1-1: Fly out, F8 (Flyball, 8LXD, EV 105.0 MPH)
Runner from 3rd tags up, SCORES, no throw by CF
Batting: RHB Zhong-yan Zhang 0-0: Called Strike
0-1: Ball
1-1: Ball
2-1: Swinging Strike
2-2: DOUBLE (Flyball, 8RXD, EV 101.2 MPH)
Jared Guth scores
Jerry Scott to third
Runner from 3rd tries for Home, SAFE, no throw by CF
Pitching: RHP Patrick Le Gall
Batting: RHB Garm van Opdorp 0-0: Ball
1-0: Ball
2-0: Foul Ball, location: 2F
2-1: Foul Ball, location: 2F
2-2: Ground out U3 (Groundball, 3, EV 98.8 MPH)
Top of the 4th over - 3 runs, 3 hits, 0 errors, 1 left on base; Atlantic City 5 - Virginia Beach 4
BOTTOM OF THE 4TH
Virginia Beach Whales batting - Pitching for Atlantic City Sonics : RHP Jay Newton
Batting: RHB Juan Oleastro 0-0: Ball
1-0: Fly out, F8 (Flyball, 89D, EV 98.1 MPH)
Batting: RHB Jessie Gibbs 0-0: Ball
1-0: Called Strike
1-1: Ball
2-1: Foul Ball, location: 2F
2-2: Foul Ball, location: 2F
2-2: Ground out 6-3 (Groundball, 6S, EV 93.1 MPH)
Batting: RHB Dan Pike 0-0: Ball
1-0: Foul Ball, location: 2F
1-1: Fly out, F3 (Popup, 23F, EV 80.0 MPH)
Bottom of the 4th over - 0 runs, 0 hits, 0 errors, 0 left on base; Atlantic City 5 - Virginia Beach 4
TOP OF THE 5TH
Atlantic City Sonics batting - Pitching for Virginia Beach Whales : RHP Patrick Le Gall
Batting: SHB John Clements 0-0: Ball
1-0: Foul Ball, location: 2F
1-1: Ball
2-1: Ball
3-1: Base on Balls
Batting: RHB Denis Perrin 0-0: Ball
1-0: Bunt - Flyout to 5S! F5
Batting: LHB Luis Ortíz 0-0: Ball
1-0: Fly out, F6 (Popup, P, EV 76.2 MPH)
Batting: RHB Jared Guth 0-0: Foul Ball, location: 2F
0-1: Called Strike
0-2: Ball
1-2: Strikes out looking
Top of the 5th over - 0 runs, 0 hits, 0 errors, 1 left on base; Atlantic City 5 - Virginia Beach 4
BOTTOM OF THE 5TH
Virginia Beach Whales batting - Pitching for Atlantic City Sonics : RHP Jay Newton
Batting: RHB Daniel MacKinder 0-0: Called Strike
0-1: Ball
1-1: Ball
2-1: Fly out, F8 (Flyball, 8RS, EV 89.4 MPH)
Batting: LHB Walker Ragland 0-0: Swinging Strike
0-1: Swinging Strike
0-2: Ground out 5-3 (Groundball, 56, EV 81.2 MPH)
Pitching: RHP Gaberiela Tatafu
Batting: RHB Óscar Cardozo 0-0: Foul Ball, location: 2F
0-1: Foul Ball, location: 2F
0-2: Ground out 6-3 (Groundball, 6, EV 108.1 MPH)
Bottom of the 5th over - 0 runs, 0 hits, 0 errors, 0 left on base; Atlantic City 5 - Virginia Beach 4
TOP OF THE 6TH
Atlantic City Sonics batting - Pitching for Virginia Beach Whales : RHP Patrick Le Gall
Batting: LHB Jorge Quilez 0-0: Swinging Strike
0-1: Ball
1-1: TRIPLE (Flyball, 78XD, EV 105.0 MPH)
Batting: RHB Jerry Scott 0-0: Ball
1-0: Called Strike
1-1: Foul Ball, location: 2F
1-2: Ball
2-2: Ball
3-2: Base on Balls
Batting: RHB Román Ramírez 0-0: Called Strike
0-1: Ball
1-1: Foul Ball, location: 2F
1-2: Ball
2-2: Foul Ball, location: 2F
2-2: Strikes out swinging
Jerry Scott steals 2nd base
Batter strikes out.
Batting: RHB Zhong-yan Zhang 0-0: Ball
Wild Pitch!
Jorge Quilez scores
Jerry Scott to third
1-0: Called Strike
1-1: Swinging Strike
1-2: Ball
2-2: Strikes out swinging
Batting: RHB Garm van Opdorp 0-0: Foul Ball, location: 2F
0-1: Ball
1-1: Foul Ball, location: 2F
1-2: Foul Ball, location: 2F
1-2: SINGLE (Flyball, 7LS, EV 95.6 MPH)
Jerry Scott scores
Pitching: RHP Eliseo Fontirroig
Batting: SHB John Clements 0-0: 2-RUN HOME RUN (Flyball, 9LD, EV 102.5 MPH), Distance : 343 ft
Batting: RHB Denis Perrin 0-0: Foul Ball, location: 2F
0-1: SINGLE (Line Drive, 8LS, EV 93.8 MPH)
Batting: LHB Luis Ortíz 0-0: Ball
1-0: DOUBLE (Line Drive, 78XD, EV 103.8 MPH)
Denis Perrin to third
Runner from 3rd tries for Home, SAFE, throw by CF to home
Batting: RHB Jared Guth 0-0: Ball
1-0: Called Strike
1-1: Foul Ball, location: 2F
1-2: Ball
2-2: Strikes out looking
Top of the 6th over - 5 runs, 5 hits, 0 errors, 1 left on base; Atlantic City 10 - Virginia Beach 4
BOTTOM OF THE 6TH
Virginia Beach Whales batting - Pitching for Atlantic City Sonics : RHP Gaberiela Tatafu
Batting: RHB Todd Walker 0-0: Ball
1-0: Called Strike
1-1: Swinging Strike
1-2: Strikes out looking
Batting: RHB Paul Pitts 0-0: Fly out, F9 (Line Drive, 9, EV 105.6 MPH)
Batting: LHB Asberry Harpending 0-0: SOLO HOME RUN (Flyball, 9LD, EV 95.6 MPH), Distance : 347 ft
Batting: RHB Juan Oleastro 0-0: Called Strike
0-1: Ball
1-1: Ball
2-1: Foul Ball, location: 2F
2-2: Strikes out swinging
Bottom of the 6th over - 1 run, 1 hit, 0 errors, 0 left on base; Atlantic City 10 - Virginia Beach 5
TOP OF THE 7TH
Atlantic City Sonics batting - Pitching for Virginia Beach Whales : RHP Eliseo Fontirroig
Batting: LHB Jorge Quilez 0-0: Foul Ball, location: 2F
0-1: Ground out 6-3 (Groundball, 6, EV 104.4 MPH)
Batting: RHB Jerry Scott 0-0: Ball
1-0: Called Strike
1-1: Ball
2-1: Foul Ball, location: 2F
2-2: Ball
3-2: Strikes out swinging
Batting: RHB Román Ramírez 0-0: Called Strike
0-1: Ball
1-1: Foul Ball, location: 2F
1-2: Foul Ball, location: 2F
1-2: Foul Ball, location: 2F
1-2: Ball
2-2: Strikes out looking
Top of the 7th over - 0 runs, 0 hits, 0 errors, 0 left on base; Atlantic City 10 - Virginia Beach 5
BOTTOM OF THE 7TH
Virginia Beach Whales batting - Pitching for Atlantic City Sonics : RHP Gaberiela Tatafu
Batting: RHB Jessie Gibbs 0-0: Foul Ball, location: 2F
0-1: Ball
1-1: Ball
2-1: Foul Ball, location: 2F
2-2: Foul Ball, location: 2F
2-2: Strikes out swinging
Batting: RHB Dan Pike 0-0: SINGLE (Groundball, 6MD, EV 103.8 MPH)
Batting: RHB Daniel MacKinder 0-0: Called Strike
0-1: Ball
1-1: Foul Ball, location: 2F
1-2: Foul Ball, location: 2F
1-2: Fly out, F7 (Flyball, 78D, EV 96.9 MPH)
Batting: LHB Walker Ragland 0-0: Ball
1-0: Ball
2-0: Foul Ball, location: 2F
2-1: SINGLE (Groundball, 4D, EV 94.4 MPH)
Dan Pike to second
Runner from 2nd tries for 3rd, SAFE, no throw by RF
Batting: RHB Óscar Cardozo 0-0: Called Strike
0-1: Swinging Strike
0-2: Ball
1-2: Fly out, F8 (Flyball, 8RD, EV 95.6 MPH)
Bottom of the 7th over - 0 runs, 2 hits, 0 errors, 2 left on base; Atlantic City 10 - Virginia Beach 5
TOP OF THE 8TH
Atlantic City Sonics batting - Pitching for Virginia Beach Whales : RHP Eliseo Fontirroig
Batting: RHB Zhong-yan Zhang 0-0: SINGLE (Groundball, 34D, EV 103.8 MPH)
Pitching: RHP Javier Iturburua
Batting: RHB Garm van Opdorp 0-0: Ball
1-0: Foul Ball, location: 2F
1-1: Ball
2-1: Grounds into double play, 6-4-3 (Groundball, 6M, EV 98.1 MPH)
Batting: SHB John Clements 0-0: Ball
1-0: Called Strike
1-1: Ball
2-1: Swinging Strike
2-2: Strikes out looking
Top of the 8th over - 0 runs, 1 hit, 0 errors, 0 left on base; Atlantic City 10 - Virginia Beach 5
BOTTOM OF THE 8TH
Virginia Beach Whales batting - Pitching for Atlantic City Sonics : RHP Gaberiela Tatafu
Batting: RHB Todd Walker 0-0: Called Strike
0-1: Ball
1-1: Ball
2-1: Ground out 6-3 (Groundball, 6, EV 81.9 MPH)
Batting: RHB Paul Pitts 0-0: Foul Ball, location: 2F
0-1: Foul Ball, location: 2F
0-2: Foul Ball, location: 2F
0-2: Ball
1-2: Ball
2-2: Ball
3-2: SINGLE (Groundball, 56, EV 83.8 MPH) (infield hit)
Batting: LHB Asberry Harpending 0-0: Ball
1-0: Ball
2-0: Called Strike
2-1: Foul Ball, location: 2F
2-2: Grounds into double play, 5-4-3 (Groundball, 56, EV 87.5 MPH)
Bottom of the 8th over - 0 runs, 1 hit, 0 errors, 0 left on base; Atlantic City 10 - Virginia Beach 5
TOP OF THE 9TH
Atlantic City Sonics batting - Pitching for Virginia Beach Whales : RHP Javier Iturburua
Batting: RHB Denis Perrin 0-0: SOLO HOME RUN (Flyball, 89XD, EV 97.5 MPH), Distance : 423 ft
Batting: LHB Luis Ortíz 0-0: Foul Ball, location: 2F
0-1: Foul Ball, location: 2F
0-2: Strikes out swinging
Batting: RHB Jared Guth 0-0: Swinging Strike
0-1: Ball
1-1: Ball
2-1: Foul Ball, location: 2F
2-2: Fly out, F8 (Line Drive, 8RD, EV 96.2 MPH)
Batting: LHB Jorge Quilez 0-0: Called Strike
0-1: DOUBLE (Groundball, 3L, EV 106.2 MPH)
Batting: RHB Jerry Scott 0-0: Called Strike
0-1: Called Strike
0-2: Foul Ball, location: 2F
0-2: Ball
1-2: Strikes out swinging
Top of the 9th over - 1 run, 2 hits, 0 errors, 1 left on base; Atlantic City 11 - Virginia Beach 5
BOTTOM OF THE 9TH
Virginia Beach Whales batting - Pitching for Atlantic City Sonics : RHP Gaberiela Tatafu
Batting: RHB Juan Oleastro 0-0: Called Strike
0-1: Called Strike
0-2: Ball
1-2: Fly out, F7 (Flyball, 7S, EV 93.8 MPH)
Batting: RHB Jessie Gibbs 0-0: Ball
1-0: Ball
2-0: Foul Ball, location: 2F
2-1: Ball
3-1: Foul Ball, location: 2F
3-2: Base on Balls
Batting: RHB Dan Pike 0-0: Fly out, F7 (Flyball, 7LMF, EV 85.6 MPH)
Batting: RHB Daniel MacKinder 0-0: Ball
1-0: Fielders Choice at 2nd, 5-4 (Groundball, 5, EV 88.8 MPH)
Bottom of the 9th over - 0 runs, 0 hits, 0 errors, 1 left on base; Atlantic City 11 - Virginia Beach 5
Friday, March 26th, 2021 - OOTP Baseball 20.8 Build 74